[ AOE2 MATCH · #463176777 ]
UnrankedMapuche vs Persians
Player's team · LOSS
[ REPLAY ANALYSIS · EXTRACTED FROM THE RECORDED GAME ]
Feudal
13:22
Castle
16:52
Imperial
32:12
| APM avg | 14.2 |
| APM peak | 54 |
| eAPM avg | 11.0 |
| Villagers / military | 199 / 800 |
Focus
⚔️ 39.8% · 🌾 60.2%
Spearman ×592 · Unknown (2550) ×151 · Skirmisher ×72 · Scorpion ×71 · Kona ×46 · Mangonel ×10
Feudal
13:10
Castle
17:18
Imperial
23:05
| APM avg | 36.3 |
| APM peak | 98 |
| eAPM avg | 16.8 |
| Villagers / military | 134 / 814 |
Focus
⚔️ 41.5% · 🌾 58.5%
Knight ×440 · Organ Gun ×184 · Militia ×105 · Bombard Cannon ×81 · Fishing Ship ×8 · Monk ×3
Feudal
10:50
Castle
20:33
Imperial
35:32
| APM avg | 19.8 |
| APM peak | 111 |
| eAPM avg | 14.3 |
| Villagers / military | 330 / 750 |
Focus
⚔️ 20.2% · 🌾 79.8%
Berserk ×544 · Spearman ×199 · Trade Cart ×11 · Fishing Ship ×8 · Battering Ram ×4 · Mangonel ×2
Feudal
13:00
Castle
16:59
Imperial
37:00
| APM avg | 17.4 |
| APM peak | 79 |
| eAPM avg | 11.4 |
| Villagers / military | 101 / 763 |
Focus
⚔️ 32.2% · 🌾 67.8%
Spearman ×260 · Scout Cavalry ×211 · Cataphract ×113 · Skirmisher ×105 · Bombard Cannon ×69 · Trade Cart ×60
Feudal
11:26
Castle
15:29
Imperial
29:53
| APM avg | 22.5 |
| APM peak | 71 |
| eAPM avg | 15.4 |
| Villagers / military | 177 / 896 |
Focus
⚔️ 38.4% · 🌾 61.6%
Scout Cavalry ×327 · Elephant Archer ×250 · Battle Elephant ×166 · Trade Cart ×51 · Armored Elephant ×47 · Scorpion ×46
Feudal
13:21
Castle
26:19
Imperial
—
| APM avg | 0.9 |
| APM peak | 17 |
| eAPM avg | 0.9 |
| Villagers / military | 36 / 0 |
Focus
⚔️ 8.0% · 🌾 92.0%
Feudal
12:24
Castle
18:20
Imperial
35:10
| APM avg | 12.0 |
| APM peak | 66 |
| eAPM avg | 9.8 |
| Villagers / military | 134 / 749 |
Focus
⚔️ 35.1% · 🌾 64.9%
Skirmisher ×268 · Spearman ×215 · Eagle Scout ×206 · Mangonel ×24 · Jaguar Warrior ×23 · Trebuchet (Packed) ×10
Feudal
13:54
Castle
36:24
Imperial
—
| APM avg | 2.2 |
| APM peak | 19 |
| eAPM avg | 1.8 |
| Villagers / military | 61 / 3 |
Focus
⚔️ 11.4% · 🌾 88.6%
Fishing Ship ×15 · Monk ×3
Match map
Initial resources + every placement click. Lines = walls · curves = elevation contours. ◆ gold · ⬟ stone · ● berries · ✦ relic · ◌ wall gap
Your base· ✓ Closed at 16:52 · 37t walls · 1 gate(s)
Dang's base· ✓ Closed at 17:18 · 12t walls · fragile
dt.franz97's base· ✓ Closed at 20:33 · 44t walls · fragile
春天里的老人's base· Open — opponent sealed themselves in
Pupsbrotmann's base· ✓ Closed at 15:29 · 18t walls · fragile
Ehlikeyf's base· Open — opponent sealed themselves in
超級菜馬芬's base· ✓ Closed at 18:20 · 71t walls · no gate
hpakmen's base· ✓ Closed at 36:24 · 157t walls · no gate
Smoothed initial terrain · ◌ = detected wall gap · hover for details
Inputs per minute
— henry15 - - Dang
Build order — henry15
First 150 of 641 actions detected
| 0:01 | Create | Villager (Male) ×4 |
| 0:03 | Build | House |
| 0:20 | Research | Loom |
| 0:31 | Build | Palisade Wall |
| 0:45 | Create | Villager (Male) |
| 0:45 | Create | Villager (Male) |
| 0:45 | Create | Villager (Male) |
| 0:49 | Build | Palisade Wall |
| 2:01 | Create | Villager (Male) |
| 2:31 | Build | Settlement |
| 2:51 | Create | Villager (Male) |
| 3:34 | Create | Villager (Male) |
| 4:19 | Build | Palisade Wall |
| 4:26 | Create | Villager (Male) |
| 4:54 | Create | Villager (Male) |
| 5:03 | Build | House |
| 5:06 | Build | House |
| 5:34 | Create | Villager (Male) |
| 5:52 | Create | Villager (Male) |
| 6:21 | Create | Villager (Male) |
| 6:22 | Create | Villager (Male) |
| 6:46 | Create | Villager (Male) |
| 6:56 | Build | Dock |
| 7:21 | Build | Palisade Gate |
| 7:25 | Create | Villager (Male) |
| 7:41 | Create | Villager (Male) |
| 8:02 | Create | Villager (Male) |
| 8:07 | Create | Fishing Ship |
| 8:33 | Build | Settlement |
| 8:45 | Create | Villager (Male) |
| 9:05 | Create | Fishing Ship |
| 9:17 | Create | Villager (Male) |
| 9:35 | Create | Villager (Male) |
| 9:35 | Create | Villager (Male) |
| 10:00 | Build | Settlement |
| 10:47 | Create | Villager (Male) |
| 10:57 | Research | Feudal Age |
| 11:41 | Create | Fishing Ship |
| 12:40 | Create | Villager (Male) |
| 12:40 | Create | Villager (Male) |
| 12:51 | Build | Outpost |
| 12:54 | Build | Outpost |
| 13:22 | Age | Feudal Age |
| 13:26 | Build | Market |
| 13:27 | Build | Blacksmith |
| 14:01 | Research | Double-Bit Axe |
| 14:09 | Research | Castle Age |
| 14:31 | Research | Horse Collar |
| 14:37 | Create | Villager (Male) |
| 14:37 | Create | Villager (Male) |
| 15:25 | Research | Tech 906 |
| 15:28 | Create | Fishing Ship |
| 16:52 | Age | Castle Age |
| 16:54 | Build | Town Center |
| 17:00 | Build | Town Center |
| 17:23 | Create | Villager (Male) |
| 17:27 | Build | Monastery |
| 17:39 | Research | Bow Saw |
| 17:45 | Create | Villager (Male) |
| 17:46 | Create | Villager (Male) |
| 18:03 | Build | Fish Trap |
| 18:06 | Create | Villager (Male) |
| 18:17 | Build | Farm |
| 18:17 | Create | Monk |
| 18:19 | Create | Villager (Male) |
| 18:20 | Create | Villager (Male) |
| 18:33 | Create | Villager (Male) |
| 18:36 | Create | Villager (Male) |
| 18:39 | Build | Farm |
| 18:42 | Build | Farm |
| 18:46 | Build | Farm |
| 18:52 | Create | Villager (Male) |
| 18:57 | Create | Villager (Male) |
| 19:00 | Build | Fish Trap |
| 19:07 | Create | Fishing Ship |
| 19:09 | Create | Villager (Male) |
| 19:34 | Build | House |
| 19:35 | Build | House |
| 19:36 | Build | House |
| 19:39 | Build | House |
| 19:41 | Build | House |
| 19:43 | Create | Villager (Male) |
| 19:43 | Create | Villager (Male) |
| 19:44 | Create | Villager (Male) |
| 19:56 | Create | Monk |
| 20:00 | Create | Villager (Male) |
| 20:10 | Build | Farm |
| 20:11 | Build | Farm |
| 20:12 | Build | Farm |
| 20:14 | Build | Farm |
| 20:17 | Create | Villager (Male) |
| 20:21 | Build | House |
| 20:22 | Build | House |
| 20:33 | Build | Fish Trap |
| 20:35 | Build | Fish Trap |
| 20:37 | Create | Fishing Ship |
| 20:38 | Create | Villager (Male) |
| 20:41 | Build | Farm |
| 20:50 | Build | Farm |
| 20:50 | Build | Farm |
| 20:51 | Build | Farm |
| 20:56 | Build | Settlement |
| 21:02 | Build | Settlement |
| 21:05 | Create | Villager (Male) |
| 21:08 | Build | House |
| 21:09 | Build | House |
| 21:14 | Build | House |
| 21:16 | Build | Farm |
| 21:19 | Create | Villager (Male) |
| 21:32 | Build | Palisade Gate |
| 21:40 | Create | Villager (Male) ×2 |
| 21:45 | Build | Fish Trap |
| 21:46 | Create | Fishing Ship |
| 21:47 | Create | Fishing Ship |
| 21:48 | Create | Villager (Male) |
| 21:51 | Build | House |
| 21:53 | Build | House |
| 21:59 | Create | Villager (Male) |
| 22:12 | Build | Barracks |
| 22:14 | Create | Villager (Male) |
| 22:14 | Create | Villager (Male) |
| 22:18 | Create | Villager (Male) |
| 22:21 | Build | Farm |
| 22:24 | Build | Farm |
| 22:25 | Build | Farm |
| 22:29 | Create | Villager (Male) |
| 22:32 | Build | Fish Trap |
| 22:36 | Build | Farm |
| 22:38 | Create | Villager (Male) |
| 22:44 | Create | Monk |
| 22:51 | Create | Spearman |
| 22:56 | Build | House |
| 22:57 | Build | House |
| 22:58 | Build | House |
| 23:00 | Create | Villager (Male) |
| 23:03 | Build | Farm |
| 23:06 | Create | Villager (Male) |
| 23:06 | Create | Villager (Male) |
| 23:10 | Build | Fish Trap |
| 23:19 | Build | Barracks |
| 23:21 | Build | Barracks |
| 23:28 | Create | Villager (Male) |
| 23:28 | Create | Villager (Male) |
| 23:28 | Create | Villager (Male) |
| 23:33 | Create | Villager (Male) |
| 23:34 | Build | Farm |
| 23:41 | Build | Town Center |
| 23:44 | Create | Villager (Male) |
| 23:45 | Create | Villager (Male) |
| 23:47 | Build | Farm |
Build order — Dang
First 150 of 786 actions detected
| 0:00 | Create | Villager (Male) |
| 0:00 | Create | Villager (Male) |
| 0:01 | Create | Villager (Male) |
| 0:01 | Create | Villager (Male) |
| 0:05 | Build | House |
| 0:06 | Build | House |
| 1:22 | Create | Villager (Male) |
| 1:44 | Build | Lumber Camp |
| 1:59 | Create | Villager (Male) |
| 1:59 | Create | Villager (Male) |
| 2:23 | Create | Villager (Male) |
| 2:44 | Create | Villager (Male) |
| 2:45 | Create | Villager (Male) |
| 3:03 | Create | Villager (Male) |
| 3:03 | Create | Villager (Male) |
| 3:23 | Build | House |
| 3:38 | Create | Villager (Male) |
| 3:39 | Create | Villager (Male) |
| 3:59 | Create | Villager (Male) |
| 4:20 | Create | Villager (Male) |
| 4:42 | Build | Dock |
| 4:52 | Create | Villager (Male) |
| 4:52 | Create | Villager (Male) |
| 5:20 | Create | Villager (Male) |
| 5:20 | Create | Villager (Male) |
| 5:30 | Create | Fishing Ship |
| 5:30 | Create | Fishing Ship |
| 5:35 | Build | House |
| 5:46 | Create | Villager (Male) |
| 5:46 | Create | Villager (Male) |
| 5:46 | Create | Villager (Male) |
| 5:51 | Build | House |
| 6:32 | Create | Villager (Male) |
| 6:35 | Build | House |
| 7:15 | Create | Villager (Male) |
| 7:15 | Create | Villager (Male) |
| 7:15 | Create | Villager (Male) |
| 7:15 | Create | Villager (Male) |
| 7:41 | Build | House |
| 8:04 | Create | Villager (Male) |
| 8:04 | Create | Villager (Male) |
| 8:12 | Build | House |
| 8:19 | Create | Fishing Ship |
| 8:19 | Create | Fishing Ship |
| 8:20 | Create | Fishing Ship |
| 8:57 | Build | Mill |
| 9:01 | Create | Villager (Male) |
| 9:45 | Create | Villager (Male) |
| 9:45 | Create | Villager (Male) |
| 9:45 | Create | Villager (Male) |
| 9:46 | Create | Villager (Male) |
| 9:50 | Build | Mining Camp |
| 10:32 | Build | Mill |
| 10:49 | Research | Feudal Age |
| 11:07 | Build | Mining Camp |
| 12:07 | Build | Palisade Wall |
| 12:37 | Create | Villager (Male) |
| 12:37 | Create | Villager (Male) |
| 12:50 | Build | House |
| 12:58 | Build | House |
| 13:10 | Age | Feudal Age |
| 13:19 | Build | Market |
| 13:22 | Build | Blacksmith |
| 13:25 | Build | House |
| 13:37 | Create | Villager (Male) |
| 13:47 | Create | Villager (Male) |
| 14:34 | Build | Stone Wall |
| 14:38 | Research | Castle Age |
| 14:50 | Create | Fishing Ship |
| 14:51 | Create | Fishing Ship |
| 15:07 | Build | Fish Trap |
| 15:27 | Create | Villager (Male) |
| 15:27 | Create | Villager (Male) |
| 15:28 | Create | Villager (Male) |
| 15:37 | Build | Fish Trap |
| 15:44 | Build | Fish Trap |
| 15:58 | Create | Fishing Ship |
| 16:19 | Build | Fish Trap |
| 17:15 | Build | Mining Camp |
| 17:18 | Age | Castle Age |
| 17:29 | Build | Stone Wall |
| 17:50 | Build | Stone Wall |
| 18:10 | Build | Monastery |
| 18:22 | Build | Fish Trap |
| 18:31 | Build | Fish Trap |
| 18:36 | Build | Fish Trap |
| 18:39 | Create | Villager (Male) |
| 18:40 | Create | Villager (Male) |
| 18:44 | Research | Gold Mining |
| 19:01 | Build | University |
| 19:10 | Create | Villager (Male) |
| 19:47 | Build | House |
| 19:48 | Build | House |
| 19:52 | Research | Imperial Age |
| 19:57 | Create | Monk |
| 20:18 | Build | House |
| 20:21 | Build | House |
| 20:31 | Build | House |
| 20:32 | Build | House |
| 20:33 | Build | House |
| 20:34 | Build | House |
| 20:35 | Build | House |
| 20:37 | Build | House |
| 20:38 | Build | House |
| 20:41 | Build | House |
| 20:42 | Build | House |
| 20:44 | Build | House |
| 20:53 | Build | Mining Camp |
| 21:01 | Build | Stone Wall |
| 21:08 | Build | House |
| 21:08 | Build | House |
| 21:09 | Build | House |
| 21:11 | Build | House |
| 21:21 | Research | Gold Mining |
| 21:57 | Build | House |
| 22:35 | Build | House |
| 22:36 | Build | House |
| 22:37 | Build | House |
| 22:49 | Create | Villager (Male) |
| 22:49 | Create | Villager (Male) |
| 23:05 | Age | Imperial Age |
| 23:08 | Build | Feitoria |
| 23:12 | Research | Treadmill Crane |
| 23:19 | Build | Feitoria |
| 23:39 | Build | Feitoria |
| 23:46 | Create | Villager (Male) |
| 23:46 | Create | Villager (Male) |
| 24:09 | Build | Outpost |
| 24:20 | Build | House |
| 24:21 | Build | House |
| 24:22 | Build | House |
| 24:28 | Create | Villager (Male) |
| 24:36 | Build | Feitoria |
| 24:47 | Research | Double-Bit Axe |
| 25:02 | Build | Lumber Camp |
| 25:10 | Build | Feitoria |
| 25:17 | Research | Double-Bit Axe |
| 25:17 | Research | Double-Bit Axe |
| 25:36 | Build | Siege Workshop |
| 25:42 | Build | House |
| 25:43 | Build | House |
| 25:44 | Build | House |
| 25:46 | Build | House |
| 25:49 | Build | House |
| 25:50 | Build | House |
| 26:09 | Build | Feitoria |
| 26:19 | Build | Stone Wall |
| 26:26 | Research | Bow Saw |
| 26:30 | Research | Onager (upgrade) |
| 26:37 | Create | Mangonel |
Build order — dt.franz97
First 150 of 740 actions detected
| 0:01 | Create | Villager (Male) ×4 |
| 0:03 | Build | House |
| 0:05 | Build | House |
| 1:46 | Create | Villager (Male) |
| 2:09 | Build | Lumber Camp |
| 2:14 | Create | Villager (Male) |
| 2:14 | Create | Villager (Male) |
| 2:14 | Create | Villager (Male) |
| 3:02 | Create | Villager (Male) |
| 3:44 | Create | Villager (Male) |
| 3:45 | Create | Villager (Male) |
| 4:20 | Create | Villager (Male) ×2 |
| 5:07 | Create | Villager (Male) |
| 5:11 | Build | House |
| 5:42 | Create | Villager (Male) |
| 5:42 | Create | Villager (Male) |
| 6:27 | Build | Mining Camp |
| 6:31 | Create | Villager (Male) |
| 6:31 | Create | Villager (Male) |
| 6:31 | Create | Villager (Male) |
| 6:32 | Create | Villager (Male) |
| 8:40 | Research | Feudal Age |
| 9:09 | Build | Mill |
| 9:19 | Create | Villager (Male) |
| 10:19 | Create | Villager (Male) |
| 10:50 | Age | Feudal Age |
| 11:02 | Build | Blacksmith |
| 11:09 | Build | Market |
| 11:11 | Create | Villager (Male) |
| 11:20 | Build | House |
| 11:55 | Build | Stone Wall |
| 12:04 | Create | Villager (Male) ×5 |
| 12:32 | Research | Horse Collar |
| 12:34 | Research | Double-Bit Axe |
| 13:08 | Build | Farm |
| 13:11 | Build | Farm |
| 13:15 | Build | Farm |
| 13:21 | Build | Farm |
| 13:22 | Build | Farm |
| 13:41 | Build | Outpost |
| 13:53 | Build | House |
| 14:04 | Build | House |
| 14:10 | Create | Villager (Male) |
| 14:24 | Research | Loom |
| 14:33 | Build | Farm |
| 15:09 | Create | Villager (Male) |
| 15:16 | Build | Farm |
| 15:18 | Build | Farm |
| 15:20 | Build | Farm |
| 15:23 | Build | Farm |
| 15:49 | Build | Stone Wall |
| 16:13 | Create | Villager (Male) |
| 16:13 | Create | Villager (Male) |
| 16:13 | Create | Villager (Male) |
| 16:16 | Build | Palisade Wall |
| 16:22 | Build | Farm |
| 16:24 | Build | Farm |
| 16:25 | Create | Villager (Male) |
| 16:41 | Build | Mining Camp |
| 17:51 | Research | Castle Age |
| 17:52 | Research | Castle Age |
| 18:01 | Build | Outpost |
| 18:08 | Build | Stone Wall |
| 18:19 | Research | Gold Mining |
| 19:33 | Build | House |
| 19:34 | Build | House |
| 19:34 | Build | House |
| 19:48 | Build | Barracks |
| 20:16 | Build | Lumber Camp |
| 20:18 | Build | Lumber Camp |
| 20:33 | Age | Castle Age |
| 20:39 | Build | Town Center |
| 20:56 | Create | Villager (Male) ×5 |
| 20:56 | Create | Villager (Male) ×5 |
| 20:56 | Create | Villager (Male) ×5 |
| 20:56 | Create | Villager (Male) ×2 |
| 21:59 | Create | Villager (Male) ×5 |
| 22:06 | Create | Villager (Male) ×2 |
| 22:14 | Create | Spearman |
| 22:15 | Create | Spearman |
| 22:26 | Build | Dock |
| 23:11 | Build | Town Center |
| 23:16 | Build | Town Center |
| 23:22 | Create | Villager (Male) ×5 |
| 23:35 | Build | Monastery |
| 23:54 | Create | Spearman |
| 23:54 | Create | Spearman |
| 23:55 | Create | Spearman |
| 24:27 | Build | Farm |
| 24:35 | Create | Fishing Ship ×4 |
| 24:41 | Create | Villager (Male) ×5 |
| 24:44 | Create | Villager (Male) |
| 24:44 | Create | Villager (Male) |
| 24:50 | Build | Farm |
| 25:03 | Build | House |
| 25:05 | Build | House |
| 25:15 | Build | House |
| 25:16 | Build | House |
| 25:17 | Build | House |
| 25:17 | Build | House |
| 25:20 | Build | House |
| 25:20 | Build | House |
| 25:20 | Build | House |
| 25:21 | Build | House |
| 25:21 | Build | House |
| 25:59 | Create | Villager (Male) ×5 |
| 26:01 | Create | Villager (Male) |
| 26:23 | Build | Farm |
| 26:24 | Build | Farm |
| 26:26 | Build | Farm |
| 26:27 | Build | Farm |
| 26:30 | Build | Farm |
| 26:31 | Build | Farm |
| 27:06 | Build | House |
| 27:06 | Build | House |
| 27:06 | Build | House |
| 27:06 | Build | House |
| 27:07 | Build | House |
| 27:07 | Build | House |
| 27:08 | Build | House |
| 27:11 | Build | Farm |
| 27:17 | Research | Heavy Plow |
| 27:21 | Research | Bow Saw |
| 27:26 | Build | Farm |
| 27:31 | Build | Farm |
| 27:38 | Create | Villager (Male) ×3 |
| 27:48 | Build | Lumber Camp |
| 27:52 | Build | Lumber Camp |
| 28:08 | Create | Villager (Male) ×3 |
| 28:10 | Create | Villager (Male) |
| 28:10 | Create | Villager (Male) |
| 28:23 | Create | Villager (Male) |
| 28:23 | Create | Villager (Male) ×2 |
| 28:23 | Create | Villager (Male) |
| 28:34 | Research | Tech 906 |
| 28:39 | Create | Villager (Male) |
| 28:39 | Create | Villager (Male) |
| 28:42 | Create | Villager (Male) |
| 28:42 | Create | Villager (Male) |
| 28:54 | Research | Squires |
| 29:04 | Create | Villager (Male) |
| 29:04 | Create | Villager (Male) |
| 29:13 | Build | Farm |
| 29:14 | Build | Farm |
| 29:15 | Build | Farm |
| 29:16 | Build | Farm |
| 29:17 | Build | Farm |
| 29:19 | Build | Farm |
| 29:20 | Build | Farm |
| 29:21 | Build | Farm |
Build order — 春天里的老人
First 150 of 676 actions detected
| 0:10 | Create | Villager (Male) |
| 0:10 | Create | Villager (Male) |
| 0:10 | Create | Villager (Male) |
| 0:11 | Create | Villager (Male) |
| 0:14 | Build | House |
| 0:53 | Build | House |
| 1:16 | Research | Loom |
| 1:24 | Build | House |
| 1:49 | Create | Villager (Male) |
| 1:56 | Build | House |
| 2:29 | Build | House |
| 2:41 | Create | Villager (Male) |
| 2:53 | Create | Villager (Male) |
| 3:26 | Create | Villager (Male) |
| 3:46 | Create | Villager (Male) |
| 4:25 | Create | Villager (Male) |
| 4:54 | Create | Villager (Male) |
| 5:14 | Create | Villager (Male) |
| 5:15 | Create | Villager (Male) |
| 5:16 | Create | Villager (Male) |
| 5:37 | Create | Villager (Male) |
| 5:37 | Create | Villager (Male) |
| 5:50 | Create | Villager (Male) |
| 6:32 | Create | Villager (Male) |
| 6:32 | Create | Villager (Male) |
| 6:33 | Create | Villager (Male) |
| 6:54 | Build | Mill |
| 7:32 | Create | Villager (Male) |
| 7:33 | Create | Villager (Male) |
| 7:59 | Create | Villager (Male) |
| 7:59 | Create | Villager (Male) |
| 8:48 | Build | Lumber Camp |
| 8:51 | Create | Villager (Male) |
| 8:51 | Create | Villager (Male) |
| 10:03 | Build | Mining Camp |
| 10:40 | Research | Feudal Age |
| 10:58 | Build | Mining Camp |
| 11:32 | Create | Villager (Male) |
| 11:33 | Create | Villager (Male) |
| 12:16 | Build | Mill |
| 13:00 | Age | Feudal Age |
| 13:03 | Build | Blacksmith |
| 13:06 | Build | Market |
| 13:38 | Build | Stone Wall |
| 13:43 | Build | Stone Wall |
| 14:09 | Build | Stone Wall |
| 14:19 | Research | Castle Age |
| 14:33 | Build | House |
| 14:34 | Build | House |
| 14:36 | Build | House |
| 15:57 | Build | House |
| 15:58 | Build | House |
| 16:00 | Build | House |
| 16:07 | Research | Wheelbarrow |
| 16:11 | Research | Horse Collar |
| 16:17 | Research | Double-Bit Axe |
| 16:54 | Build | Farm |
| 16:57 | Build | Farm |
| 16:59 | Age | Castle Age |
| 17:02 | Build | Farm |
| 17:56 | Create | Villager (Male) |
| 17:56 | Create | Villager (Male) |
| 18:03 | Build | Town Center |
| 18:50 | Build | Farm |
| 18:52 | Create | Villager (Male) |
| 18:52 | Create | Villager (Male) |
| 19:08 | Build | Dock |
| 19:24 | Build | Farm |
| 19:31 | Create | Villager (Male) |
| 19:32 | Create | Villager (Male) |
| 19:32 | Create | Villager (Male) |
| 19:32 | Create | Villager (Male) |
| 19:42 | Build | Farm |
| 19:48 | Create | Villager (Male) |
| 20:06 | Create | Villager (Male) |
| 20:09 | Build | Farm |
| 20:10 | Create | Villager (Male) |
| 20:47 | Create | Villager (Male) |
| 20:48 | Create | Villager (Male) |
| 20:53 | Build | Farm |
| 20:54 | Build | Farm |
| 20:56 | Create | Villager (Male) |
| 20:56 | Create | Villager (Male) |
| 21:15 | Build | Town Center |
| 21:29 | Build | Town Center |
| 21:36 | Build | Farm |
| 21:37 | Create | Villager (Male) |
| 21:40 | Create | Villager (Male) |
| 21:40 | Create | Villager (Male) |
| 21:46 | Create | Villager (Male) |
| 21:49 | Build | Farm |
| 21:57 | Research | Tech 906 |
| 22:07 | Create | Villager (Male) |
| 22:08 | Create | Villager (Male) |
| 22:16 | Build | Farm |
| 22:19 | Create | Villager (Male) |
| 22:20 | Create | Villager (Male) |
| 22:30 | Research | Gillnets |
| 22:44 | Build | Farm |
| 22:46 | Create | Villager (Male) |
| 23:10 | Build | Farm |
| 23:11 | Create | Villager (Male) |
| 23:11 | Create | Villager (Male) |
| 23:19 | Build | Monastery |
| 23:25 | Create | Villager (Male) |
| 23:26 | Create | Villager (Male) |
| 23:33 | Build | Farm |
| 23:38 | Create | Villager (Male) |
| 23:41 | Create | Villager (Male) |
| 23:41 | Create | Villager (Male) |
| 23:41 | Create | Villager (Male) |
| 23:54 | Create | Fishing Ship |
| 23:58 | Create | Villager (Male) |
| 23:59 | Create | Villager (Male) |
| 24:09 | Create | Monk |
| 24:14 | Build | House |
| 24:17 | Build | House |
| 24:18 | Build | House |
| 24:24 | Build | Farm |
| 24:27 | Build | Farm |
| 24:28 | Create | Villager (Male) |
| 24:29 | Create | Villager (Male) |
| 24:32 | Create | Fishing Ship |
| 24:40 | Build | Fish Trap |
| 24:44 | Create | Fishing Ship |
| 24:49 | Build | Farm |
| 24:50 | Create | Villager (Male) |
| 24:50 | Create | Villager (Male) |
| 24:51 | Create | Villager (Male) |
| 24:54 | Create | Villager (Male) |
| 24:55 | Create | Villager (Male) |
| 24:55 | Create | Villager (Male) |
| 24:55 | Create | Villager (Male) |
| 25:11 | Build | Dock |
| 25:14 | Create | Fishing Ship |
| 25:19 | Build | Fish Trap |
| 25:24 | Build | Farm |
| 25:25 | Create | Villager (Male) |
| 25:35 | Build | University |
| 25:43 | Build | Farm |
| 25:49 | Create | Villager (Male) |
| 25:49 | Create | Villager (Male) |
| 25:49 | Create | Villager (Male) |
| 25:59 | Build | Fish Trap |
| 26:08 | Create | Villager (Male) |
| 26:08 | Create | Villager (Male) |
| 26:14 | Build | Farm |
| 26:27 | Build | House |
| 26:36 | Research | Bow Saw |
| 26:40 | Research | Heavy Plow |
Build order — Pupsbrotmann
First 150 of 848 actions detected
| 0:01 | Create | Villager (Male) |
| 0:01 | Create | Villager (Male) |
| 0:02 | Build | House |
| 0:04 | Build | House |
| 0:29 | Create | Villager (Male) |
| 0:30 | Create | Villager (Male) |
| 1:32 | Create | Villager (Male) |
| 2:02 | Create | Villager (Male) |
| 2:17 | Create | Villager (Male) |
| 2:25 | Build | Lumber Camp |
| 2:47 | Create | Villager (Male) |
| 3:22 | Create | Villager (Male) |
| 3:28 | Create | Villager (Male) |
| 3:54 | Build | House |
| 4:26 | Create | Villager (Male) |
| 4:27 | Create | Villager (Male) |
| 4:40 | Research | Loom |
| 4:47 | Create | Villager (Male) |
| 5:08 | Create | Villager (Male) |
| 5:45 | Build | House |
| 6:09 | Create | Villager (Male) |
| 6:25 | Build | Dock |
| 6:31 | Create | Villager (Male) |
| 6:48 | Create | Villager (Male) |
| 7:14 | Create | Fishing Ship |
| 7:19 | Build | House |
| 7:22 | Create | Villager (Male) |
| 7:34 | Create | Villager (Male) |
| 7:45 | Create | Villager (Male) |
| 7:49 | Create | Fishing Ship |
| 8:28 | Create | Villager (Male) |
| 8:30 | Create | Fishing Ship |
| 8:43 | Build | Mill |
| 9:16 | Research | Feudal Age |
| 9:39 | Build | Mining Camp |
| 9:45 | Create | Fishing Ship |
| 9:51 | Build | House |
| 9:54 | Build | Palisade Wall |
| 10:24 | Create | Villager (Male) |
| 11:26 | Age | Feudal Age |
| 11:28 | Build | Market |
| 11:37 | Build | Blacksmith |
| 11:51 | Build | House |
| 12:24 | Create | Villager (Male) |
| 12:37 | Create | Fishing Ship |
| 12:41 | Research | Castle Age |
| 12:42 | Research | Double-Bit Axe |
| 13:28 | Build | Fish Trap |
| 13:45 | Build | Fish Trap |
| 13:57 | Create | Villager (Male) |
| 14:03 | Build | Fish Trap |
| 14:28 | Build | Fish Trap |
| 14:43 | Build | House |
| 14:47 | Build | Palisade Wall |
| 15:02 | Create | Villager (Male) |
| 15:29 | Age | Castle Age |
| 15:51 | Build | Town Center |
| 16:00 | Research | Bow Saw |
| 16:24 | Create | Villager (Male) |
| 16:39 | Build | House |
| 16:46 | Build | Town Center |
| 16:56 | Create | Villager (Male) |
| 16:59 | Research | Horse Collar |
| 17:14 | Create | Villager (Male) |
| 17:15 | Create | Villager (Male) |
| 17:15 | Research | Wheelbarrow |
| 17:22 | Build | House |
| 17:31 | Build | Fish Trap |
| 17:35 | Create | Villager (Male) |
| 17:52 | Create | Villager (Male) |
| 17:52 | Create | Villager (Male) |
| 17:52 | Create | Villager (Male) |
| 17:53 | Create | Villager (Male) |
| 17:56 | Research | Tech 906 |
| 17:57 | Create | Fishing Ship |
| 18:00 | Build | House |
| 18:03 | Build | House |
| 18:09 | Create | Villager (Male) |
| 18:09 | Create | Villager (Male) |
| 18:18 | Create | Villager (Male) |
| 18:27 | Create | Fishing Ship |
| 18:33 | Build | Dock |
| 18:38 | Build | Lumber Camp |
| 18:43 | Build | Farm |
| 18:45 | Create | Villager (Male) |
| 18:45 | Create | Villager (Male) |
| 18:58 | Research | Gillnets |
| 19:11 | Build | Fish Trap |
| 19:12 | Create | Villager (Male) |
| 19:12 | Create | Villager (Male) |
| 19:35 | Build | House |
| 19:36 | Create | Fishing Ship |
| 19:46 | Build | Fish Trap |
| 19:48 | Create | Fishing Ship |
| 19:48 | Create | Fishing Ship |
| 19:49 | Create | Villager (Male) |
| 19:49 | Create | Villager (Male) |
| 19:51 | Create | Villager (Male) |
| 19:51 | Create | Villager (Male) |
| 19:51 | Create | Villager (Male) |
| 19:54 | Build | Farm |
| 20:00 | Build | Farm |
| 20:11 | Create | Villager (Male) |
| 20:16 | Build | Palisade Wall |
| 20:23 | Build | Fish Trap |
| 20:25 | Create | Villager (Male) |
| 20:25 | Create | Villager (Male) |
| 20:28 | Build | Farm |
| 20:38 | Build | Farm |
| 20:38 | Build | Farm |
| 20:47 | Build | Farm |
| 20:49 | Create | Villager (Male) |
| 20:49 | Create | Villager (Male) |
| 20:51 | Create | Fishing Ship |
| 20:51 | Create | Fishing Ship |
| 20:57 | Build | Fish Trap |
| 21:01 | Build | Fish Trap |
| 21:03 | Create | Fishing Ship |
| 21:03 | Create | Fishing Ship |
| 21:06 | Create | Villager (Male) |
| 21:09 | Build | Mining Camp |
| 21:16 | Build | Farm |
| 21:16 | Build | Farm |
| 21:16 | Build | Farm |
| 21:19 | Build | Farm |
| 21:22 | Build | Farm |
| 21:26 | Create | Villager (Male) |
| 21:26 | Create | Villager (Male) |
| 21:27 | Create | Villager (Male) |
| 21:27 | Create | Villager (Male) |
| 21:30 | Build | House |
| 21:31 | Build | House |
| 21:33 | Build | House |
| 21:35 | Build | House |
| 21:42 | Build | Fish Trap |
| 21:49 | Build | Fish Trap |
| 21:51 | Create | Villager (Male) |
| 21:59 | Create | Villager (Male) |
| 21:59 | Create | Villager (Male) |
| 22:03 | Research | Gold Mining |
| 22:09 | Build | Farm |
| 22:11 | Build | Farm |
| 22:12 | Build | Farm |
| 22:15 | Create | Villager (Male) |
| 22:16 | Create | Villager (Male) |
| 22:17 | Create | Fishing Ship |
| 22:17 | Create | Fishing Ship |
| 22:21 | Build | Fish Trap |
| 22:31 | Build | Fish Trap |
| 22:33 | Create | Fishing Ship |
Build order — Ehlikeyf
85 actions detected in the replay
| 0:07 | Research | Loom |
| 0:36 | Create | Villager (Male) |
| 0:36 | Create | Villager (Male) |
| 0:36 | Create | Villager (Male) |
| 0:37 | Create | Villager (Male) |
| 0:37 | Create | Villager (Male) |
| 0:38 | Create | Villager (Male) |
| 0:38 | Create | Villager (Male) |
| 1:07 | Build | House |
| 1:54 | Build | House |
| 2:14 | Build | Lumber Camp |
| 3:08 | Build | Mill |
| 3:46 | Create | Villager (Male) |
| 3:47 | Create | Villager (Male) |
| 3:47 | Create | Villager (Male) |
| 3:48 | Create | Villager (Male) |
| 3:48 | Create | Villager (Male) |
| 6:08 | Build | Farm |
| 6:11 | Create | Villager (Male) |
| 6:12 | Create | Villager (Male) |
| 6:12 | Create | Villager (Male) |
| 6:12 | Create | Villager (Male) |
| 6:12 | Create | Villager (Male) |
| 6:13 | Create | Villager (Male) |
| 6:47 | Build | Farm |
| 7:36 | Build | House |
| 7:37 | Build | House |
| 8:41 | Build | Mining Camp |
| 9:15 | Build | Farm |
| 9:24 | Build | Farm |
| 11:17 | Research | Feudal Age |
| 12:17 | Build | Farm |
| 12:25 | Build | Farm |
| 12:34 | Build | Farm |
| 13:21 | Age | Feudal Age |
| 13:26 | Build | Farm |
| 13:35 | Research | Wheelbarrow |
| 13:38 | Research | Town Watch |
| 14:37 | Build | House |
| 14:38 | Build | House |
| 14:40 | Build | House |
| 14:41 | Build | House |
| 14:52 | Create | Villager (Male) |
| 14:52 | Create | Villager (Male) |
| 14:53 | Create | Villager (Male) |
| 14:53 | Create | Villager (Male) |
| 14:54 | Create | Villager (Male) |
| 15:18 | Research | Horse Collar |
| 15:40 | Build | Farm |
| 15:50 | Build | Farm |
| 17:30 | Build | Barracks |
| 18:08 | Create | Villager (Male) |
| 18:08 | Create | Villager (Male) |
| 18:09 | Create | Villager (Male) |
| 18:09 | Create | Villager (Male) |
| 18:09 | Create | Villager (Male) |
| 18:10 | Create | Villager (Male) |
| 18:10 | Create | Villager (Male) |
| 18:10 | Create | Villager (Male) |
| 18:11 | Create | Villager (Male) |
| 18:12 | Create | Villager (Male) |
| 18:12 | Create | Villager (Male) |
| 18:12 | Create | Villager (Male) |
| 18:12 | Create | Villager (Male) |
| 18:43 | Build | Farm |
| 18:57 | Research | Arson |
| 18:59 | Research | Man-at-Arms (upgrade) |
| 19:28 | Build | Farm |
| 20:39 | Build | Market |
| 22:31 | Build | Stable |
| 23:46 | Build | Archery Range |
| 23:54 | Research | Castle Age |
| 24:33 | Build | Farm |
| 24:35 | Build | Farm |
| 24:40 | Build | Farm |
| 24:41 | Build | Farm |
| 24:45 | Build | Farm |
| 25:16 | Build | Farm |
| 26:19 | Age | Castle Age |
| 28:10 | Research | Town Patrol |
| 28:11 | Research | Hand Cart |
| 28:15 | Research | Heavy Plow |
| 28:21 | Research | Squires |
| 28:25 | Research | Husbandry |
| 28:29 | Research | Thumb Ring |
Build order — 超級菜馬芬
First 150 of 626 actions detected
| 0:03 | Build | House |
| 0:06 | Create | Villager (Male) |
| 0:06 | Create | Villager (Male) |
| 0:06 | Create | Villager (Male) |
| 0:07 | Create | Villager (Male) |
| 0:09 | Research | Loom |
| 0:28 | Build | House |
| 0:29 | Build | House |
| 0:30 | Build | House |
| 1:15 | Build | Palisade Wall |
| 1:39 | Create | Villager (Male) |
| 2:20 | Create | Villager (Male) |
| 2:27 | Create | Villager (Male) |
| 3:13 | Create | Villager (Male) |
| 3:13 | Create | Villager (Male) |
| 3:53 | Create | Villager (Male) |
| 4:51 | Create | Villager (Male) |
| 4:51 | Create | Villager (Male) |
| 5:00 | Create | Villager (Male) |
| 5:26 | Build | Palisade Wall |
| 5:40 | Create | Villager (Male) |
| 5:54 | Build | Dock |
| 6:29 | Create | Villager (Male) |
| 6:29 | Create | Villager (Male) |
| 6:30 | Create | Villager (Male) |
| 6:30 | Create | Villager (Male) |
| 6:30 | Create | Villager (Male) |
| 6:31 | Create | Villager (Male) |
| 7:05 | Build | Lumber Camp |
| 7:07 | Create | Villager (Male) |
| 7:28 | Build | House |
| 7:31 | Build | House |
| 8:31 | Build | Mill |
| 8:42 | Create | Fishing Ship |
| 8:53 | Create | Villager (Male) |
| 9:27 | Create | Fishing Ship |
| 9:53 | Build | Mining Camp |
| 10:09 | Create | Fishing Ship |
| 10:14 | Research | Feudal Age |
| 10:31 | Build | House |
| 10:33 | Build | House |
| 10:59 | Build | Mining Camp |
| 12:24 | Age | Feudal Age |
| 12:30 | Build | Market |
| 12:34 | Build | Blacksmith |
| 13:06 | Research | Wheelbarrow |
| 13:07 | Research | Town Watch |
| 13:49 | Build | Stone Wall |
| 14:02 | Build | Stone Wall |
| 15:28 | Build | Outpost |
| 15:38 | Build | Mill |
| 15:40 | Research | Castle Age |
| 16:05 | Build | Outpost |
| 16:28 | Build | Stone Wall |
| 16:39 | Build | Stone Wall |
| 16:53 | Research | Double-Bit Axe |
| 17:10 | Build | Stone Wall |
| 17:18 | Create | Villager (Male) |
| 17:24 | Create | Villager (Male) |
| 17:48 | Research | Stone Mining |
| 17:52 | Research | Gold Mining |
| 18:20 | Age | Castle Age |
| 18:26 | Build | Town Center |
| 18:31 | Create | Villager (Male) |
| 18:32 | Create | Villager (Male) |
| 18:37 | Create | Villager (Male) |
| 18:58 | Build | Monastery |
| 19:17 | Build | Farm |
| 19:22 | Create | Villager (Male) |
| 19:23 | Create | Villager (Male) |
| 19:30 | Build | Farm |
| 19:31 | Build | Farm |
| 19:40 | Build | Farm |
| 19:53 | Build | House |
| 19:56 | Build | House |
| 20:06 | Create | Monk |
| 20:17 | Create | Villager (Male) |
| 20:19 | Create | Villager (Male) |
| 20:22 | Create | Villager (Male) |
| 20:25 | Build | Farm |
| 20:30 | Build | Farm |
| 20:36 | Create | Villager (Male) |
| 20:37 | Create | Villager (Male) |
| 20:45 | Create | Villager (Male) |
| 20:47 | Create | Villager (Male) |
| 21:00 | Build | Farm |
| 21:14 | Build | Lumber Camp |
| 21:16 | Create | Villager (Male) |
| 21:30 | Create | Villager (Male) |
| 21:33 | Create | Villager (Male) |
| 21:44 | Build | Farm |
| 21:54 | Build | Farm |
| 22:02 | Build | Farm |
| 22:03 | Create | Villager (Male) |
| 22:04 | Create | Villager (Male) |
| 22:14 | Create | Villager (Male) |
| 22:15 | Create | Villager (Male) |
| 22:19 | Build | Farm |
| 22:30 | Create | Villager (Male) |
| 22:31 | Create | Villager (Male) |
| 22:36 | Build | Farm |
| 22:44 | Build | Outpost |
| 23:06 | Build | Town Center |
| 23:08 | Create | Villager (Male) |
| 23:09 | Create | Villager (Male) |
| 23:12 | Build | Farm |
| 23:24 | Create | Villager (Male) |
| 23:25 | Create | Villager (Male) |
| 23:37 | Research | Horse Collar |
| 23:51 | Build | Fish Trap |
| 23:55 | Build | Fish Trap |
| 24:04 | Build | Fish Trap |
| 24:09 | Build | House |
| 24:24 | Build | House |
| 24:25 | Build | House |
| 24:27 | Build | House |
| 24:29 | Build | House |
| 24:32 | Create | Villager (Male) |
| 24:33 | Create | Villager (Male) |
| 24:34 | Create | Villager (Male) |
| 24:35 | Create | Villager (Male) |
| 24:40 | Create | Villager (Male) |
| 24:47 | Build | Farm |
| 24:49 | Build | Farm |
| 24:50 | Build | Farm |
| 24:54 | Build | Farm |
| 24:56 | Create | Villager (Male) |
| 24:58 | Create | Villager (Male) |
| 25:02 | Create | Villager (Male) |
| 25:03 | Create | Villager (Male) |
| 25:16 | Build | Mining Camp |
| 25:19 | Create | Villager (Male) |
| 25:25 | Build | Farm |
| 25:31 | Create | Villager (Male) |
| 25:32 | Create | Villager (Male) |
| 25:43 | Create | Villager (Male) |
| 25:44 | Create | Villager (Male) |
| 25:48 | Build | Farm |
| 26:22 | Build | Town Center |
| 26:30 | Build | House |
| 26:33 | Build | House |
| 26:34 | Build | House |
| 26:36 | Build | House |
| 26:38 | Create | Villager (Male) |
| 26:40 | Research | Hand Cart |
| 26:42 | Create | Villager (Male) |
| 26:42 | Create | Villager (Male) |
| 26:58 | Create | Villager (Male) |
| 26:59 | Create | Villager (Male) |
| 27:01 | Create | Villager (Male) |
Build order — hpakmen
142 actions detected in the replay
| 0:47 | Create | Villager (Male) |
| 0:47 | Create | Villager (Male) |
| 0:48 | Create | Villager (Male) |
| 0:48 | Create | Villager (Male) |
| 0:48 | Create | Villager (Male) |
| 1:56 | Build | Mining Camp |
| 2:19 | Create | Villager (Male) |
| 3:05 | Create | Villager (Male) |
| 5:04 | Research | Loom |
| 7:03 | Build | Palisade Wall |
| 7:30 | Build | Palisade Wall |
| 8:23 | Build | Palisade Wall |
| 9:52 | Build | Mill |
| 11:44 | Research | Feudal Age |
| 13:54 | Age | Feudal Age |
| 13:56 | Research | Wheelbarrow |
| 14:24 | Build | Lumber Camp |
| 15:11 | Build | Stone Wall |
| 15:29 | Build | Stone Wall |
| 15:55 | Build | Stone Wall |
| 16:35 | Build | Stone Wall |
| 17:20 | Research | Double-Bit Axe |
| 18:33 | Build | Blacksmith |
| 19:21 | Build | Mining Camp |
| 19:57 | Create | Villager (Male) |
| 19:57 | Create | Villager (Male) |
| 19:58 | Create | Villager (Male) |
| 19:58 | Create | Villager (Male) |
| 19:58 | Create | Villager (Male) |
| 19:58 | Create | Villager (Male) |
| 19:58 | Create | Villager (Male) |
| 21:02 | Build | Mining Camp |
| 21:33 | Build | Mining Camp |
| 21:56 | Build | Stone Wall |
| 22:16 | Create | Villager (Male) |
| 22:16 | Create | Villager (Male) |
| 22:16 | Create | Villager (Male) |
| 23:51 | Build | Stone Wall |
| 24:25 | Create | Villager (Male) |
| 24:26 | Create | Villager (Male) |
| 24:26 | Create | Villager (Male) |
| 24:26 | Create | Villager (Male) |
| 24:27 | Create | Villager (Male) |
| 24:27 | Create | Villager (Male) |
| 24:27 | Create | Villager (Male) |
| 25:05 | Build | Dock |
| 25:28 | Create | Villager (Male) |
| 25:29 | Create | Villager (Male) |
| 25:29 | Create | Villager (Male) |
| 25:29 | Create | Villager (Male) |
| 26:43 | Build | Farm |
| 27:02 | Build | Farm |
| 27:27 | Build | Farm |
| 27:29 | Research | Horse Collar |
| 27:42 | Create | Villager (Male) |
| 27:42 | Create | Villager (Male) |
| 28:09 | Build | Market |
| 28:27 | Research | Tech 906 |
| 28:36 | Create | Fishing Ship |
| 28:37 | Create | Fishing Ship |
| 28:37 | Create | Fishing Ship |
| 28:37 | Create | Fishing Ship |
| 29:10 | Build | Farm |
| 29:12 | Build | Farm |
| 29:14 | Build | Farm |
| 29:16 | Build | Farm |
| 31:24 | Create | Fishing Ship |
| 31:24 | Create | Fishing Ship |
| 31:25 | Create | Fishing Ship |
| 31:25 | Create | Fishing Ship |
| 31:25 | Create | Fishing Ship |
| 31:25 | Create | Fishing Ship |
| 31:26 | Create | Fishing Ship |
| 31:26 | Create | Fishing Ship |
| 31:27 | Create | Fishing Ship |
| 31:28 | Create | Fishing Ship |
| 31:28 | Create | Fishing Ship |
| 32:32 | Build | Farm |
| 32:34 | Build | Farm |
| 32:40 | Build | Farm |
| 32:42 | Build | Farm |
| 33:44 | Research | Castle Age |
| 33:54 | Research | Town Watch |
| 34:18 | Build | Fish Trap |
| 34:26 | Build | Fish Trap |
| 34:34 | Build | Fish Trap |
| 34:46 | Build | Fish Trap |
| 34:55 | Build | Fish Trap |
| 35:13 | Build | Fish Trap |
| 35:23 | Build | Fish Trap |
| 35:33 | Build | Fish Trap |
| 36:24 | Age | Castle Age |
| 36:40 | Build | Fish Trap |
| 36:55 | Research | Hand Cart |
| 36:57 | Create | Villager (Male) |
| 36:58 | Create | Villager (Male) |
| 36:59 | Create | Villager (Male) |
| 36:59 | Create | Villager (Male) |
| 36:59 | Create | Villager (Male) |
| 36:59 | Create | Villager (Male) |
| 37:00 | Create | Villager (Male) |
| 37:04 | Research | Stone Mining |
| 37:05 | Research | Gold Mining |
| 37:33 | Research | Bow Saw |
| 38:41 | Build | Monastery |
| 38:51 | Build | Castle |
| 39:09 | Build | University |
| 39:27 | Research | Gillnets |
| 39:53 | Build | Fish Trap |
| 39:57 | Build | Fish Trap |
| 39:59 | Build | Fish Trap |
| 40:22 | Create | Villager (Male) |
| 40:22 | Create | Villager (Male) |
| 40:22 | Create | Villager (Male) |
| 40:23 | Create | Villager (Male) |
| 40:23 | Create | Villager (Male) |
| 40:23 | Create | Villager (Male) |
| 40:23 | Create | Villager (Male) |
| 40:46 | Build | Town Center |
| 41:38 | Build | Watch Tower |
| 41:51 | Create | Villager (Male) |
| 41:51 | Create | Villager (Male) |
| 41:51 | Create | Villager (Male) |
| 41:52 | Create | Villager (Male) |
| 41:52 | Create | Villager (Male) |
| 41:52 | Create | Villager (Male) |
| 41:52 | Create | Villager (Male) |
| 41:52 | Create | Villager (Male) |
| 41:53 | Create | Villager (Male) |
| 41:53 | Create | Villager (Male) |
| 41:53 | Create | Villager (Male) |
| 41:53 | Create | Villager (Male) |
| 41:53 | Create | Villager (Male) |
| 41:54 | Create | Villager (Male) |
| 41:54 | Create | Villager (Male) |
| 41:54 | Create | Villager (Male) |
| 41:54 | Create | Villager (Male) |
| 42:24 | Research | Masonry |
| 42:25 | Research | Murder Holes |
| 42:52 | Create | Monk |
| 42:52 | Create | Monk |
| 42:52 | Create | Monk |
Match timeline
| 0:31 | henry15 · wall_segment Palisade Wall x11 |
| 0:49 | henry15 · wall_segment Palisade Wall x15 |
| 1:15 | 超級菜馬芬 · wall_segment Palisade Wall x18 |
| 4:19 | henry15 · wall_segment Palisade Wall x11 |
| 4:42 | Dang · first_building Dock |
| 5:26 | 超級菜馬芬 · wall_segment Palisade Wall x15 |
| 5:54 | 超級菜馬芬 · first_building Dock |
| 6:25 | Pupsbrotmann · first_building Dock |
| 6:56 | henry15 · first_building Dock |
| 7:03 | hpakmen · wall_segment Palisade Wall x20 |
| 7:30 | hpakmen · wall_segment Palisade Wall x21 |
| 8:23 | hpakmen · wall_segment Palisade Wall x22 |
| 9:54 | Pupsbrotmann · wall_segment Palisade Wall x8 |
| 10:50 | dt.franz97 · age_up feudal |
| 11:26 | Pupsbrotmann · age_up feudal |
| 11:55 | dt.franz97 · wall_segment Stone Wall x11 |
| 12:07 | Dang · wall_segment Palisade Wall x1 |
| 12:24 | 超級菜馬芬 · age_up feudal |
| 13:00 | 春天里的老人 · age_up feudal |
| 13:10 | Dang · age_up feudal |
| 13:21 | Ehlikeyf · age_up feudal |
| 13:22 | henry15 · age_up feudal |
| 13:38 | 春天里的老人 · wall_segment Stone Wall x1 |
| 13:43 | 春天里的老人 · wall_segment Stone Wall x21 |
| 13:49 | 超級菜馬芬 · wall_segment Stone Wall x13 |
| 13:54 | hpakmen · age_up feudal |
| 14:02 | 超級菜馬芬 · wall_segment Stone Wall x14 |
| 14:09 | 春天里的老人 · wall_segment Stone Wall x11 |
| 14:34 | Dang · wall_segment Stone Wall x11 |
| 14:47 | Pupsbrotmann · wall_segment Palisade Wall x10 |
| 14:55 | 超級菜馬芬 · first_market_buy 100 food |
| 15:11 | hpakmen · wall_segment Stone Wall x12 |
| 15:29 | Pupsbrotmann · age_up castle |
| 15:29 | hpakmen · wall_segment Stone Wall x19 |
| 15:49 | dt.franz97 · wall_segment Stone Wall x17 |
| 15:55 | hpakmen · wall_segment Stone Wall x23 |
| 15:58 | Pupsbrotmann · first_market_buy 100 wood |
| 16:16 | dt.franz97 · wall_segment Palisade Wall x1 |
| 16:28 | 超級菜馬芬 · wall_segment Stone Wall x1 |
| 16:35 | hpakmen · wall_segment Stone Wall x20 |
| 16:39 | 超級菜馬芬 · wall_segment Stone Wall x10 |
| 16:52 | henry15 · age_up castle |
| 16:59 | 春天里的老人 · age_up castle |
| 17:10 | 超級菜馬芬 · wall_segment Stone Wall x14 |
| 17:18 | Dang · age_up castle |
| 17:27 | henry15 · first_building Monastery |
| 17:29 | Dang · wall_segment Stone Wall x12 |
| 17:30 | Ehlikeyf · first_building Barracks |
| 17:50 | Dang · wall_segment Stone Wall x25 |
| 18:08 | dt.franz97 · wall_segment Stone Wall x15 |
| 18:10 | Dang · first_building Monastery |
| 18:20 | 超級菜馬芬 · age_up castle |
| 18:58 | 超級菜馬芬 · first_building Monastery |
| 19:08 | 春天里的老人 · first_building Dock |
| 19:48 | dt.franz97 · first_building Barracks |
| 20:16 | Pupsbrotmann · wall_segment Palisade Wall x9 |
| 20:33 | dt.franz97 · age_up castle |
| 21:01 | Dang · wall_segment Stone Wall x20 |
| 21:56 | hpakmen · wall_segment Stone Wall x14 |
| 22:12 | henry15 · first_building Barracks |
| 22:26 | dt.franz97 · first_building Dock |
| 22:31 | Ehlikeyf · first_building Stable |
| 23:05 | Dang · age_up imperial |
| 23:19 | 春天里的老人 · first_building Monastery |
| 23:35 | dt.franz97 · first_building Monastery |
| 23:46 | Ehlikeyf · first_building Archery Range |
| 23:51 | hpakmen · wall_segment Stone Wall x20 |
| 25:05 | hpakmen · first_building Dock |
| 25:20 | Pupsbrotmann · first_building Monastery |
| 25:36 | Dang · first_building Siege Workshop |
| 26:00 | Pupsbrotmann · wall_segment Palisade Wall x1 |
| 26:19 | Dang · wall_segment Stone Wall x11 |
| 26:19 | Ehlikeyf · age_up castle |
| 26:20 | henry15 · wall_segment Stone Wall x10 |
| 27:17 | 超級菜馬芬 · first_building Castle |
| 27:21 | henry15 · first_building Archery Range |
| 27:42 | Pupsbrotmann · first_building Barracks |
| 28:02 | Pupsbrotmann · first_building Castle |
| 28:42 | Dang · wall_segment Stone Wall x10 |
| 28:43 | Pupsbrotmann · first_building Archery Range |
| 28:49 | Pupsbrotmann · first_building Stable |
| 28:56 | 春天里的老人 · first_building Barracks |
| 29:31 | Pupsbrotmann · first_building Siege Workshop |
| 29:41 | Ehlikeyf · resign |
| 29:47 | 春天里的老人 · first_building Siege Workshop |
| 29:53 | Pupsbrotmann · age_up imperial |
| 30:11 | 春天里的老人 · first_building Castle |
| 30:18 | Dang · first_building Barracks |
| 30:24 | henry15 · first_market_buy 100 stone |
| 30:25 | henry15 · first_market_sell 100 food |
| 30:31 | dt.franz97 · first_building Castle |
| 30:32 | henry15 · first_building Castle |
| 31:04 | Dang · first_building Stable |
| 31:34 | 超級菜馬芬 · first_building Barracks |
| 32:12 | henry15 · age_up imperial |
| 32:39 | 春天里的老人 · first_building Archery Range |
| 33:32 | 超級菜馬芬 · first_building Archery Range |
| 33:35 | 春天里的老人 · wall_segment Stone Wall x3 |
| 33:38 | 春天里的老人 · wall_segment Stone Wall x8 |
| 35:09 | dt.franz97 · first_building Siege Workshop |
| 35:10 | 超級菜馬芬 · age_up imperial |
| 35:29 | Pupsbrotmann · wall_segment Stone Wall x10 |
| 35:32 | dt.franz97 · age_up imperial |
| 35:38 | 超級菜馬芬 · first_building Siege Workshop |
| 36:24 | hpakmen · age_up castle |
| 37:00 | 春天里的老人 · age_up imperial |
| 38:04 | henry15 · first_building Siege Workshop |
| 38:41 | hpakmen · first_building Monastery |
| 38:45 | dt.franz97 · wall_segment Stone Wall x9 |
| 38:46 | Dang · first_building Castle |
| 38:51 | hpakmen · first_building Castle |
| 38:55 | henry15 · wall_segment Stone Wall x11 |
| 40:46 | 超級菜馬芬 · first_market_sell 500 wood |
| 41:26 | Dang · wall_segment Stone Wall x14 |
| 42:08 | henry15 · wall_segment Stone Wall x11 |
| 45:10 | 春天里的老人 · wall_segment Stone Wall x17 |
| 46:02 | 春天里的老人 · wall_segment Stone Wall x25 |
| 48:22 | Dang · first_market_sell 500 food |
| 50:13 | 春天里的老人 · wall_segment Stone Wall x18 |
| 50:29 | Dang · wall_segment Palisade Wall x1 |
| 50:30 | Dang · wall_segment Palisade Wall x1 |
| 58:41 | 春天里的老人 · first_building Stable |
| 59:35 | Pupsbrotmann · first_market_sell 500 wood |
| 61:18 | dt.franz97 · first_market_buy 100 wood |
| 61:23 | dt.franz97 · first_market_sell 100 wood |
| 65:58 | 春天里的老人 · wall_segment Stone Wall x9 |
| 66:31 | 春天里的老人 · wall_segment Stone Wall x16 |
| 68:48 | 春天里的老人 · wall_segment Stone Wall x5 |
| 69:15 | 春天里的老人 · wall_segment Stone Wall x29 |
| 71:02 | Pupsbrotmann · wall_segment Stone Wall x10 |
| 76:03 | Dang · wall_segment Stone Wall x3 |
| 76:05 | Dang · wall_segment Stone Wall x6 |
| 76:12 | Dang · wall_segment Stone Wall x17 |
| 81:54 | Pupsbrotmann · wall_segment Stone Wall x10 |
| 87:49 | Dang · wall_segment Stone Wall x14 |
| 90:22 | dt.franz97 · wall_segment Stone Wall x8 |
| 111:18 | dt.franz97 · tribute_sent a jugador 1 |
| 111:18 | dt.franz97 · tribute_sent a jugador 3 |
| 111:18 | dt.franz97 · tribute_sent a jugador 4 |
| 111:18 | dt.franz97 · tribute_sent a jugador 5 |
| 111:18 | dt.franz97 · tribute_sent a jugador 6 |
| 111:18 | dt.franz97 · tribute_sent a jugador 7 |
| 111:18 | dt.franz97 · tribute_sent a jugador 8 |
| 112:44 | dt.franz97 · wall_segment Stone Wall x19 |
| 114:09 | Dang · wall_segment Stone Wall x4 |
| 122:23 | dt.franz97 · wall_segment Stone Wall x66 |
| 122:43 | Dang · wall_segment Stone Wall x4 |
[ AI ANALYSIS · 1 CREDIT ]
What really happened in this match?
Wolo.gg analyzes every decision: build order, eco, micro, common mistakes by bracket. Personalized analysis on WhatsApp or Discord in 30 seconds.
Civ guide
Mapuche
Perfil
Jugador #3862032